 Dungeon Crawl Stone Soup version 0.27.1-33-g824d729ab1 (webtiles) character file.

Game seed: 7589278897987903207

22666 jlumianski the Cleaver (level 13, -11/73 HPs)
             Began as a Gargoyle Monk on Dec 11, 2021.
             Was a High Priest of Hepliaklqana.
             Killed from afar by an ice dragon (55 damage)
             ... with a blast of cold
             ... on level 11 of the Dungeon.
             The game lasted 01:03:06 (13807 turns).

jlumianski the Cleaver (Gargoyle Monk)             Turns: 13807, Time: 01:03:06

Health: -11/73     AC: 28    Str: 19    XL:     13   Next: 1%
Magic:  24/24      EV:  9    Int: 12    God:    Hepliaklqana [*****.]
Gold:   1466       SH:  5    Dex: 12    Spells: 8/12 levels left

rFire    + . .     SeeInvis .   d - +0 broad axe (elec)
rCold    . . .     Faith    .   g - +0 buckler
rNeg     + . .     Spirit   .   m - +2 chain mail {rF+}
rPois    ∞         Reflect  .   y - +0 helmet
rElec    +         Harm     .   t - +0 cloak
rCorr    +         Rampage  .   D - +1 pair of gloves of Leaves {Regen+}
Will     .....                  (no boots)
Stlth    ..........             j - amulet of the acrobat
HPRegen  1.22/turn              L - ring of Wiur {rCorr MP+9}
MPRegen  0.19/turn              E - +4 ring of slaying

@: no status effects
A: reduced essence, sickness immunity, AC +9, negative energy resistance 1,
electricity resistance, torment resistance 1, petrification resistance
a: Renounce Religion, Recall Ancestor, Ancestor Identity, Transference, Idealise


You were on level 11 of the Dungeon.
You worshipped Hepliaklqana.
Hepliaklqana was extremely pleased with you.
You visited 2 branches of the dungeon, and saw 15 of its levels.

You collected 1466 gold pieces.

Inventory:

Hand Weapons
 b - a +6 dagger of electrocution
 d - a +0 broad axe of electrocution (weapon)
 h - a +2 dagger of venom
 v - a +2 dagger of electrocution
 W - a +0 lajatang
Missiles
 n - a curare-tipped dart
 s - 11 boomerangs
 P - 26 poisoned darts
Armour
 f - a +0 troll leather armour
 g - a +0 buckler (worn)
 l - a +0 pair of gloves
 m - a +2 chain mail of fire resistance (worn)
 o - +0 fire dragon scales
 p - a +0 chain mail
 t - a +0 cloak (worn)
 y - a +0 helmet (worn)
 D - the +1 pair of gloves of Leaves (worn) {Regen+}
   (You acquired it on level 11 of the Dungeon)

   Regen:     It increases your rate of health regeneration.
Magical Staves
 x - a staff of earth
 B - a staff of cold
Jewellery
 c - a +6 ring of intelligence
 j - an amulet of the acrobat (around neck)
 q - a ring of magical power
 E - a +4 ring of slaying (right hand)
 F - a ring of resist corrosion
 L - the ring of Wiur (left hand) {rCorr MP+9}
   (You found it on level 5 of the Dungeon)

   [ring of magical power]

   MP:        It affects your magic capacity (+9).
   rCorr:     It protects you from acid and corrosion.
 T - an amulet of faith
Wands
 C - a wand of iceblast (10)
 J - a wand of digging (8)
 S - a wand of flame (25) (quivered)
Scrolls
 a - a scroll of blinking
 G - 3 scrolls of amnesia
 H - 2 scrolls of brand weapon
 I - a scroll of fog
 M - 2 scrolls of teleportation
 Q - 2 scrolls of immolation
 R - 2 scrolls of noise
 U - a scroll of vulnerability {unknown}
 V - 2 scrolls of fear {unknown}
Potions
 e - 2 potions of ambrosia
 i - a potion of resistance {unknown}
 r - 3 potions of attraction
 u - a potion of heal wounds
 z - 4 potions of haste
 A - 3 potions of curing
 K - 2 potions of lignification
 N - a potion of cancellation
 O - 3 potions of flight
Miscellaneous
 k - a phantom mirror
 w - a piece from Xom's chessboard (15/15)


   Skills:
 + Level 9.8 Fighting
 + Level 4.2 Short Blades
 + Level 11.8 Axes
 + Level 1.6 Throwing
 + Level 9.3 Armour
 + Level 4.2 Dodging
 + Level 4.3 Stealth
 + Level 4.2 Shields
 * Level 5.0 Summonings
 * Level 5.0 Air Magic
 * Level 3.9 Invocations
 + Level 0.1 Evocations


You had 8 spell levels left.
You knew the following spells:

 Your Spells              Type           Power      Damage    Failure   Level
a - Summon Lightning Spi  Summ/Air       12%        N/A       98%         4

Your spell library contained the following spells:

 Spells                   Type           Power      Damage    Failure   Level
 Static Discharge         Conj/Air       6%         N/A       82%         2
 Gell's Gravitas          Tloc           0%         N/A       100%        3
 Inner Flame              Hex/Fire       0%         N/A       100%        3
 Lesser Beckoning         Tloc           0%         N/A       100%        3
 Portal Projectile        Hex/Tloc       0%         N/A       100%        3
 Teleport Other           Tloc           0%         N/A       100%        3
 Tukima's Dance           Hex            0%         N/A       100%        3
 Cause Fear               Hex            0%         N/A       100%        4
 Dispel Undead            Necr           0%         3d6       100%        4
 Passage of Golubria      Tloc           N/A        N/A       100%        4
 Sticky Flame             Conj/Fire      0%         2d3       100%        4
 Blade Hands              Tmut           0%         N/A       100%        5
 Excruciating Wounds      Necr           0%         N/A       100%        5
 Iskenderun's Battlesphe  Conj           0%         2d6       100%        5
 Yara's Violent Unravell  Hex/Tmut       0%         3d3       100%        5
 Iron Shot                Conj/Erth      0%         9d1       100%        6
 Spellforged Servitor     Conj/Summ      3%         N/A       100%        7
 Storm Form               Tmut/Air       3%         N/A       100%        7
 Discord                  Hex            0%         N/A       100%        8
 Maxwell's Capacitive Co  Air            6%         ∞         100%        8


Dungeon Overview and Level Annotations

Branches:
Dungeon (14/15)            Temple (1/1) D:4            Lair (0/6) D:8
    Orc (0/2) D:10
 Vaults: D:13-14

Altars:
Ashenzari
Cheibriados
Dithmenos
Elyvilon
Fedhas
Gozag
Hepliaklqana
Kikubaaqudgha
Makhleb
Nemelex Xobeh
Okawaru
Qazlal
Ru
Sif Muna
Trog
Uskayaw
Vehumet
Wu Jian
Xom
Yredelemnul
Zin
The Shining One

Shops:
D:2 (   D:8 (   D:9 :

Annotations:
D:11 exclusion: 2 ice statues
D:14 Menkaure


Innate Abilities, Weirdness & Mutations

Your life essence is reduced to manifest your ancestor. (-10% HP)
You are immune to sickness and miasma.
Your stone body is resilient. (AC +9)
You are immune to poison.
You resist negative energy. (rN+)
You are resistant to electric shocks. (rElec)
You are resistant to unholy torment.
You are immune to petrification.


Message History

An ice dragon comes into view.
The ice dragon roars deafeningly!
The ice dragon moves out of view.
There is a huge open gate here.
The ice statue gestures.
The ice dragon breathes frost at you.
The blast of cold hits the ice beast.
The ice beast completely resists.
The blast of cold hits you!!
Found an escape hatch in the ceiling.
Taribatum blocks the ice beast's attack.
The ice beast misses you.
The ice dragon closely misses Taribatum.
Taribatum blocks the ice dragon's attack.
The ice dragon tramples Taribatum.
Taribatum is shoved backwards!
Taribatum hits the ice dragon with a +0 flail.
You block the ice beast's attack. The ice beast barely misses you.
You barely miss the ice dragon.
The ice dragon is lightly wounded.
You closely miss the ice beast. You slash the ice beast! x2
The ice dragon bites you but does no damage.
The ice dragon claws you but does no damage.
The ice dragon tramples you.
You stumble backwards!
The ice beast closely misses Taribatum.
You slash the ice dragon!
Lightning courses through the ice dragon!
The ice dragon is moderately wounded.
You hit the ice beast.
Lightning courses through the ice beast!
You slash the ice beast!
Lightning courses through the ice beast!
You kill the ice beast!
The ice beast disappears in a puff of smoke!
The ice statue gestures at you.
The bolt of cold hits Taribatum!
Taribatum resists.
The bolt of cold hits the ice dragon.
The ice dragon resists.
The bolt of cold misses you. The ice dragon breathes frost at you.
The blast of cold hits you!!!
Ouch! That really hurt!
You die...

#################################
≈≈≈≈≈≈≈≈≈≈≈≈≈≈≈≈≈≈≈≈≈≈≈≈≈≈≈≈≈≈≈≈≈
≈≈≈≈≈≈≈≈≈≈≈≈≈≈≈≈≈≈≈≈≈≈≈≈≈≈≈≈≈≈≈≈≈
≈≈≈≈≈≈≈≈≈≈≈≈≈≈............≈≈≈≈≈≈≈
≈≈≈≈≈≈≈≈≈......###''''###......≈≈
≈≈≈≈≈≈≈...######........######...
.≈≈≈≈≈..###...Y.§.......... ###.
.≈≈≈≈≈..#<..8.RD@..(.......8 #.
.≈≈≈≈≈..###....Y....:....... ###.
≈≈≈≈≈≈≈...######)$[)[!($######...
≈≈≈≈≈≈≈≈≈......##########......≈≈
≈≈≈≈≈≈≈≈≈≈≈≈≈≈............≈≈≈≈≈≈≈
≈≈≈≈≈≈≈≈≈≈≈≈≈≈≈≈≈≈≈≈≈≈≈≈≈≈≈≈≈≈≈≈≈
≈≈≈≈≈≈≈≈≈≈≈≈≈≈≈≈≈≈≈≈≈≈≈≈≈≈≈≈≈≈≈≈≈
≈≈≈≈≈≈≈≈≈≈≈≈≈≈≈≈≈≈≈≈≈≈≈≈≈≈≈≈≈≈≈≈≈
≈≈.≈≈.≈≈≈≈≈≈≈≈≈≈≈≈.≈.≈.≈≈≈≈≈≈≈≈..


You could see the friendly Taribatum the knight, an ice dragon (catching
breath), an ice statue (ally target) and 2 ice beasts.

Vanquished Creatures
  A hydra (D:9)
  2 boulder beetles (D:11)
  2 two-headed ogres
  A skeletal warrior (D:10)
  A deep elf pyromancer (D:10)
  A phantasmal warrior (D:10)
  A manticore (D:13)
  A cyclops (D:11)
  An ice statue (D:11)
  A gargoyle (D:12)
  A hornet (D:9)
  A slime creature (D:9)
  A shadow (D:11)
  2 wraiths
  3 wyverns
  20 yaks
  Grum (D:10)
  A steam dragon (D:9)
  A hornet zombie (D:5)
  10 ice beasts
  4 orc warriors
  3 black bears
  A necrophage (D:7)
  2 wolves (D:10)
  4 centaurs
  4 kobold brigands
  2 bullfrogs (D:8)
  A gnoll sergeant (D:9)
  A scorpion (D:6)
  5 killer bees (D:10)
  5 howler monkeys
  7 wights
  An electric eel (D:11)
  4 centaur zombies
  A centaur skeleton (D:7)
  2 jellies
  3 orc priests
  2 iguanas
  8 orc wizards
  2 howler monkey zombies
  7 gnolls
  2 adders (D:5)
  2 white imps
  An ufetubus (D:6)
  3 adder skeletons
  A worm (D:2)
  A dart slug (D:2)
  22 orcs
  8 ball pythons
  4 bats
  3 endoplasms
  2 giant cockroaches
  15 goblins
  7 hobgoblins
  4 jackals (D:4)
  18 kobolds
  A quokka (D:3)
  5 frilled lizards
  A rat (D:2)
  A bush (D:4)
223 creatures vanquished.

Vanquished Creatures (collateral kills)
  A fire dragon (D:10)
  A centaur warrior (D:9)
  A death knight (D:10)
  A two-headed ogre (D:12)
  A harpy (shapeshifter) (D:9)
  2 cyclopes
  An ice statue (D:11)
  2 trolls
  Prince Ribbit (D:9)
  2 wraiths
  A shadow (D:11)
  2 yaks
  A black bear (D:5)
  5 ice beasts (D:11)
  An ogre (D:6)
  2 wolves (D:10)
  2 centaurs
  2 kobold brigands
  A killer bee (D:10)
  A wight (D:5)
  A howler monkey (D:9)
  2 bullfrog zombies
  A centaur zombie (D:5)
  3 hounds
  An orc priest (D:11)
  A centaur skeleton (D:6)
  3 orc wizards
  A killer bee zombie (D:5)
  A centaur simulacrum (D:9)
  A howler monkey zombie (D:9)
  Robin (D:4)
  5 gnolls
  A howler monkey skeleton (D:6)
  A white imp (D:7)
  11 orcs
  An endoplasm (D:4)
  2 goblins (D:4)
  A hobgoblin (D:4)
  9 kobolds
  A bush (D:4)
79 creatures vanquished.

Vanquished Creatures (others)
  3 knights
  3 demonic plants (D:1)
  2 plants (D:8)
  A withered plant (D:1)
9 creatures vanquished.

Grand Total: 311 creatures vanquished

Notes
Turn   | Place    | Note
-------+----------+-------------------------------------------
     0 | D:1      | jlumianski the Gargoyle Monk began the quest for the Orb.
     0 | D:1      | Reached XP level 1. HP: 14/14 MP: 1/1
   353 | D:1      | Found a faded altar of an unknown god.
   373 | D:1      | Reached XP level 2. HP: 16/19 MP: 2/2
   375 | D:1      | Reached skill level 3 in Axes
  1382 | D:2      | Reached XP level 3. HP: 24/24 MP: 3/3
  1586 | D:3      | Noticed a black bear
  1621 | D:2      | Killed a black bear
  1622 | D:2      | Reached XP level 4. HP: 16/29 MP: 4/4
  1622 | D:2      | Reached XP level 5. HP: 18/33 MP: 5/5
  1902 | D:2      | Found Popnyiny's Antique Weapon Shop.
  2393 | D:2      | Reached skill level 1 in Short Blades
  2598 | D:3      | Found a glowing silver altar of Zin.
  2599 | D:3      | Noticed an angel
  3246 | D:3      | Identified a scroll of acquirement
  3247 | D:3      | Acquired 566 gold pieces
  3326 | D:4      | Noticed Robin
  3372 | D:4      | Reached skill level 1 in Armour
  3453 | D:4      | Reached XP level 6. HP: 17/40 MP: 6/6
  3926 | D:4      | Found a staircase to the Ecumenical Temple.
  3967 | Temple   | Entered the Ecumenical Temple
  4207 | Temple   | Became a worshipper of Hepliaklqana the Forgotten
  4207 | Temple   | Reached * piety under Hepliaklqana
  4207 | Temple   | Reached ** piety under Hepliaklqana
  4231 | D:4      | Remembered your ancestor Taribatum as a knight
  4605 | D:4      | Killed Robin
  4606 | D:4      | Reached skill level 5 in Fighting
  4759 | D:5      | Entered Level 5 of the Dungeon
  4799 | D:5      | Reached XP level 7. HP: 20/39 MP: 7/7
  5370 | D:5      | Reached XP level 8. HP: 7/45 MP: 8/8
  5754 | D:5      | Identified the ring of Wiur {rCorr MP+9}
  5912 | D:5      | Reached skill level 5 in Armour
  6158 | D:5      | Found a shadowy altar of Dithmenos.
  6158 | D:5      | Found an opulent altar of Gozag.
  6418 | D:6      | Reached skill level 4 in Axes
  6639 | D:6      | Reached *** piety under Hepliaklqana
  6665 | D:6      | Found an ornate altar of the Wu Jian Council.
  6665 | D:6      | Found a basalt altar of Yredelemnul.
  6673 | D:6      | Found an ancient bone altar of Kikubaaqudgha.
  6675 | D:6      | Found a shimmering altar of Xom.
  6677 | D:6      | Found a faded altar of an unknown god.
  6781 | D:6      | Reached skill level 5 in Axes
  7015 | D:7      | Reached XP level 9. HP: 47/50 MP: 9/9
  7027 | D:7      | Reached skill level 6 in Axes
  7054 | D:7      | Reached skill level 1 in Shields
  7119 | D:9      | Reached skill level 7 in Axes
  7176 | D:8      | Found Qamixico's Weapon Boutique.
  7207 | D:8      | Found a blossoming altar of Fedhas.
  7279 | D:8      | Reached skill level 8 in Axes
  7279 | D:8      | Reached XP level 10. HP: 42/56 MP: 10/10
  7293 | D:8      | Identified the +8 hand crossbow "Etyovim" {flame, Drain
                  | rPois rF+ Str+3}
  7578 | D:7      | Found a burning altar of Makhleb.
  7580 | D:7      | Noticed a blizzard demon
  7585 | D:7      | Noticed an orange demon
  8073 | D:7      | Reached **** piety under Hepliaklqana
  8196 | D:8      | Reached skill level 1 in Throwing
  8197 | D:8      | Reached skill level 9 in Axes
  8527 | D:8      | Learned a level 4 spell: Summon Lightning Spire
  8626 | D:8      | Noticed a two-headed ogre
  8633 | D:8      | Killed a two-headed ogre
  8634 | D:8      | Reached skill level 1 in Summonings
  8634 | D:8      | Reached skill level 1 in Air Magic
  8697 | D:8      | Found a staircase to the Lair.
  9263 | D:8      | Reached XP level 11. HP: 57/61 MP: 11/11
  9300 | D:9      | Noticed Prince Ribbit
  9308 | D:9      | Killed Prince Ribbit
  9448 | D:9      | Noticed a centaur warrior
  9462 | D:9      | Killed a centaur warrior
  9587 | D:9      | Found Muriff's Book Emporium.
  9632 | D:9      | Identified the +3 falchion of the Modern Suns {vorpal,
                  | rCorr}
  9635 | D:9      | Noticed a cyclops
  9657 | D:9      | Killed a cyclops
  9658 | D:9      | Reached skill level 10 in Axes
  9859 | D:9      | Identified the +9 short sword of Indomitability {flame,
                  | *Corrode Fly rN+ Int+3}
  9863 | D:9      | Noticed a four-headed hydra
  9873 | D:9      | Killed a four-headed hydra
  9913 | D:9      | Noticed a harpy
  9913 | D:9      | a black bear changed into a harpy
  9924 | D:9      | Killed a harpy
 10368 | D:9      | Reached ***** piety under Hepliaklqana
 10573 | D:10     | Entered Level 10 of the Dungeon
 10612 | D:10     | Noticed a deep elf pyromancer
 10615 | D:10     | Found a staircase to the Orcish Mines.
 10623 | D:10     | Killed a deep elf pyromancer
 10680 | D:10     | Noticed Grum
 10688 | D:10     | Killed Grum
 10919 | D:10     | Noticed a cyclops
 10927 | D:10     | Killed a cyclops
 11397 | D:10     | Noticed a fire dragon
 11408 | D:10     | Killed a fire dragon
 11409 | D:10     | Reached XP level 12. HP: 38/68 MP: 12/12
 11703 | D:11     | Noticed a death knight
 11810 | D:10     | Reached skill level 11 in Axes
 11847 | D:10     | Killed a death knight
 12257 | D:11     | Reached skill level 1 in Invocations
 12309 | D:11     | Noticed a boulder beetle
 12325 | D:11     | Killed a boulder beetle
 12364 | D:11     | Acquired the +1 pair of gloves of Leaves {Regen+}
 12434 | D:11     | You fall into a shaft and drop 3 floors!
 12442 | D:14     | Noticed a mummy priest
 12445 | D:14     | Noticed Menkaure
 12512 | D:12     | Noticed a two-headed ogre
 12517 | D:12     | Killed a two-headed ogre
 12959 | D:12     | Noticed a two-headed ogre
 12967 | D:12     | Killed a two-headed ogre
 13026 | D:11     | Noticed a boulder beetle
 13035 | D:11     | Killed a boulder beetle
 13265 | D:11     | Reached skill level 5 in Summonings
 13731 | D:11     | Reached skill level 5 in Air Magic
 13745 | D:11     | Reached XP level 13. HP: 56/73 MP: 15/15
 13802 | D:11     | Noticed an ice dragon
 13807 | D:11     | Killed from afar by an ice dragon

Illustrated notes

Levels and vault maps discovered:
D:1:      dpeg_arrival_rooms_with_view, layout_loops_ring,
          shapermc_ecumenical_altar_gd, glass_columns_a
D:2:      layout_loops_ring, serial_shops, shop, minmay_misc_feat_chi,
          minmay_misc_feat_cross, hangedman_decor_lopped,
          minmay_goblin_kobold_house
D:3:      layout_basic, zin_angel
D:4:      layout_cave_pools, minmay_temple_entry_proselytizer,
          kennysheep_nondescript, hangedman_decor_peaks_small,
          chequers_serial_rivers_marsh, grunt_ministairs_4, minivault_5,
          minmay_hedge_maze, uniq_robin
D:5:      layout_loops_ring, gammafunk_temple_overflow_elements
D:6:      layout_basic, chequers_temple_overflow_minitemple, hex_medium
D:7:      layout_loops_ring, makhleb_altar_promises_db
D:8:      layout_layer_cave, fedhas_ov_isle_minmay, lair_entry_dummy,
          serial_shops, nicolae_shop_behind_doors, skrybe_limestone_x
D:9:      hangedman_cross_cluster, layout_rooms, serial_shops,
          nicolae_diamond_shop, uniq_prince_ribbit1
D:10:     dragon1_lemuel, layout_basic, david_orc_2, uniq_grum
D:11:     minmay_ice_pillars, layout_rooms, grunt_ministairs_12,
          nicolae_water_bricks
D:12:     layout_stronghold, uniq_jorgrun
D:13:     minmay_angry_zag, layout_loops_ring, portal_ice_cave_entry_pillars_1
D:14:     ragdoll_tomb_raider, layout_irregular_city, erik_vaults_1,
          small_statue_intersection
Temple:   dshaligram_water_room_temple

Skill      XL: |  1  2  3  4  5  6  7  8  9 10 11 12 |
---------------+-------------------------------------+-----
Axes           | 3 5 8 9 10 11 | 11.8
Fighting       | 4 5 6 7 8 9 |  9.8
Dodging        | 3 4 |  4.2
Short Blades   | 1 2 3 4 |  4.2
Armour         | 1 3 4 6 7 8 9 |  9.3
Stealth        | 3 4 |  4.3
Shields        | 2 3 4 |  4.2
Throwing       | 1 |  1.6
Summonings     | 1 3 5 |  5.0
Air Magic      | 1 3 5 |  5.0
Invocations    | 3 |  3.9
Evocations     | |  0.1

Action                   |  1- 3 |  4- 6 |  7- 9 | 10-12 | 13-15 || total
-------------------------+-------+-------+-------+-------+-------++-------
Melee: Hand axe          |    39 |       |       |       |       ||    39
       Dagger            |    32 |   229 |    13 |     4 |       ||   278
       Broad axe         |       |       |    98 |   329 |     2 ||   429
Throw: Stone             |     1 |     1 |     1 |       |       ||     3
       Dart              |       |       |     4 |     9 |       ||    13
Invok: Ancestor Life: Kn |       |     1 |       |       |       ||     1
       Transference      |       |       |       |     1 |       ||     1
       Recall Ancestor   |       |       |       |     1 |       ||     1
Evoke: Phantom mirror    |       |       |       |     1 |       ||     1
       Piece from Xom's  |       |       |       |     1 |       ||     1
       Wand              |       |       |       |       |     1 ||     1
  Use: Scroll            |       |    11 |     2 |    12 |       ||    25
       Potion            |       |     1 |     2 |     2 |       ||     5
 Stab: Distracted        |       |       |     1 |    10 |       ||    11
Armor: Robe              |    10 |       |       |       |       ||    10
       Chain mail        |    20 |   116 |    94 |   198 |     2 ||   430
Dodge: Dodged            |    52 |    88 |    73 |   199 |     3 ||   415
Block: Buckler           |       |       |    24 |    75 |     1 ||   100
